 Dungeon Crawl Stone Soup version 0.17-a0-1778-gd369669 (webtiles) character file.

34 ololoev the Poker (level 3, 0/29 HPs)
             Began as a Draconian Skald on Sept 8, 2015.
             Was an Initiate of Okawaru.
             Slain by a rat (3 damage)
             ... on level 2 of the Dungeon.
             The game lasted 00:01:51 (1040 turns).

ololoev the Poker (Draconian Skald)                 Turns: 1040, Time: 00:01:51

Health: 0/29       AC:  5    Str: 14    XL:     3   Next: 14%
Magic:  6/6        EV: 12    Int: 12    God:    Okawaru [......]
Gold:   16         SH:  0    Dex: 11    Spells: 2 memorised, 3 levels left

rFire  . . .     SeeInvis .     a - +0 spear
rCold  . . .     Clarity  .     (armour unavailable)
rNeg   . . .     SustAt   .     (no shield)
rPois  .         Gourm    .     (helmet restricted)
rElec  .         Spirit   .     (no cloak)
rCorr  .         Warding  .     (no gloves)
rMut   .         Stasis   .     (no boots)
MR     .....                    (no amulet)
Stlth  +.........               (no ring)
                                (no ring)

@: not resistant to hostile enchantments, very unstealthy
A: unfitting armour, cold-blooded, AC +5
a: Renounce Religion


Innate Abilities, Weirdness & Mutations

Your plain brown scales are hard (AC +5).
Your body does not fit into most forms of armour.
You are cold-blooded and may be slowed by cold attacks.

Inventory:

Hand weapons
 a - a +0 spear (weapon)
Jewellery
 f - an uncursed amulet of regeneration {unknown}
Scrolls
 d - 3 scrolls of identify {unknown}
 h - a scroll of recharging {unknown}
 i - a scroll of noise {unknown}
Potions
 e - 4 potions of heal wounds {unknown}
 g - 2 potions of mutation {unknown}
Books
 b - a book of Battle

   Spells                             Type                      Level
   a - Infusion                       Charms                       1
   b - Shroud of Golubria             Charms/Translocation         2
   c - Song of Slaying                Charms                       2
   d - Spectral Weapon                Hexes/Charms                 3
   e - Regeneration                   Charms/Necromancy            3
Comestibles
 c - a bread ration


   Skills:
 - Level 2.1 Fighting
 + Level 3.6 Polearms
 - Level 1.3 Dodging
 - Level 2.0 Spellcasting
 - Level 2.6 Charms


You had 3 spell levels left.
You knew the following spells:

 Your Spells              Type           Power        Failure   Level  Hunger
a - Infusion              Chrm           #.....       12%         1    ##.....
b - Song of Slaying       Chrm           #.......     14%         2    ###....


You were on level 2 of the Dungeon.
You worshipped Okawaru.
Okawaru was noncommittal.
You were hungry.

You visited 1 branch of the dungeon, and saw 2 of its levels.

You collected 16 gold pieces.

#.##..#.#
#..(....#
####..### #..#
#..# #..#
#..#######
#.......)#
##.#####@#
#.....hr.....#
#..###.#.###.#
#..# .. ..
#....## ##.
#.... (# #...#
. #...# .#

Notes
Turn   | Place    | Note
--------------------------------------------------------------
     0 | D:1      | ololoev the Draconian Skald began the quest for the Orb.
     0 | D:1      | Reached XP level 1. HP: 17/17 MP: 3/3
   213 | D:1      | Found an iron altar of Okawaru.
   236 | D:1      | Reached XP level 2. HP: 21/24 MP: 5/5
   240 | D:1      | Learned a level 2 spell: Song of Slaying
   285 | D:1      | Reached skill level 3 in Polearms
   378 | D:1      | Became a worshipper of Warmaster Okawaru
   998 | D:2      | Reached XP level 3. HP: 29/29 MP: 6/6
  1012 | D:2      | Noticed Natasha
  1040 | D:2      | Slain by a rat

Dungeon Overview and Level Annotations

Branches:
Dungeon (2/15)

Altars:
Okawaru

Annotations:
D:2 Natasha


Message History

You hit the goblin.
You kill the goblin!
Okawaru accepts your kill.
You hit the hobgoblin.
The hobgoblin is severely wounded.
The hobgoblin hits you but does no damage.
You closely miss the hobgoblin.
The hobgoblin is severely wounded.
The hobgoblin closely misses you.
You hit the hobgoblin.
You kill the hobgoblin!
Okawaru accepts your kill.
You hear an angry hiss.
A rat comes into view.
Your song is almost over.
Natasha hisses angrily.
The rat bites you.
Items here: )) †† a club x2 a hobgoblin corpse; a goblin corpse You barely miss Natasha.
Your tail-slap misses Natasha.
The rat closely misses you.
Natasha mumbles some strange words.
Natasha shimmers violently.
Natasha claws you!
You closely miss Natasha. The rat closely misses you. Natasha claws you.
You closely miss Natasha. The rat misses you. Natasha claws you.
You closely miss Natasha. The rat bites you but does no damage.
Natasha claws you!
You hit Natasha.
Natasha is moderately wounded.
The rat closely misses you. Natasha closely misses you.
You hit Natasha.
Natasha is heavily wounded.
The rat barely misses you. Natasha misses you.
You hit Natasha but do no damage.
Natasha is heavily wounded.
Your song has ended.
The rat bites you.
You die...

You could see Natasha and a rat.

Vanquished Creatures
  2 giant geckos (D:1)
  A ball python (D:2)
  4 bats
  3 goblins
  8 hobgoblins
  2 jackals (D:1)
  3 kobolds
  3 giant newts (D:1)
  3 rats (D:1)
29 creatures vanquished.

Vanquished Creatures (others)
  4 toadstools (D:1)
4 creatures vanquished.

Grand Total: 33 creatures vanquished

Action                   || total
-------------------------++-------
Melee: Spear             ||   106
 Cast: Infusion          ||     1
       Song of Slaying   ||     2

Vault maps used:
D:1:      ldierk_water_garden, okawaru_ov_weapons_minmay
D:2:      uniq_natasha
